 Dungeon Crawl Stone Soup version 0.30-a0-304-gdc4b735fe1 (webtiles) character file.

Game seed: 6057345867704966453

56 ryw the Trooper (level 3, 0/30 HPs)
             Began as a Demonspawn Monk on Oct 20, 2022.
             Was a Priest of Dithmenos.
             Slain by a gnoll
             ... wielding a +0 halberd
              (9 damage)
             ... on level 3 of the Dungeon.
             The game lasted 00:03:18 (1915 turns).

ryw the Trooper (Demonspawn Monk)                   Turns: 1915, Time: 00:03:18

Health: 0/30       AC:  8    Str: 11    XL:     3   Next: 71%
Magic:  3/3        EV:  5    Int: 19    God:    Dithmenos [***...]
Gold:   32         SH:  0    Dex: 15    Spells: 3/3 levels left

rFire   . . .      SeeInvis +      - Unarmed
rCold   . . .      Faith    .    (no shield)
rNeg    . . .      Spirit   .    h - +0 chain mail
rPois   .          Reflect  .    (helmet restricted)
rElec   .          Harm     .    (no cloak)
rCorr   .          Rampage  .    (no gloves)
Will    .....                    (no boots)
Stlth   ..........               (no amulet)
HPRegen 0.25/turn                c - ring of see invisible
MPRegen 0.08/turn                w - +6 ring of intelligence

@: wreathed by umbra
A: antennae 1, weakness stinger 1
a: Renounce Religion, Shadow Step


You were on level 3 of the Dungeon.
You worshipped Dithmenos.
Dithmenos was most pleased with you.
You visited 1 branch of the dungeon, and saw 3 of its levels.

You collected 32 gold pieces.

Inventory:

Hand Weapons
 k - a +0 rapier
Missiles
 m - 5 poisoned darts (quivered)
 r - 6 boomerangs
Armour
 a - a +0 robe
 h - a +0 chain mail (worn)
Jewellery
 c - a ring of see invisible (left hand)
 w - a +6 ring of intelligence (right hand)
Scrolls
 d - 2 scrolls of blinking {unknown}
 e - 2 scrolls of identify {unknown}
 f - a scroll of butterflies {unknown}
 g - a scroll of amnesia {unknown}
 i - 3 scrolls of teleportation {unknown}
 j - 2 scrolls of noise {unknown}
 p - a scroll of enchant weapon {unknown}
 q - a scroll of poison {unknown}
 s - 2 scrolls of vulnerability {unknown}
Potions
 b - a potion of ambrosia
 l - a potion of heal wounds {unknown}
 n - a potion of might {unknown}
 o - 3 potions of invisibility {unknown}
 t - 2 potions of curing {unknown}
 u - a potion of mutation {unknown}
 v - a potion of lignification {unknown}


   Skills:
 + Level 4.0 Fighting
 + Level 2.9 Dodging
 + Level 2.1 Stealth
 + Level 2.9 Unarmed Combat
 + Level 0.5 Spellcasting


You had 3 spell levels left.
You didn't know any spells.
Your spell library contained the following spells:

 Spells                   Type           Power      Damage    Failure   Level
 Sandblast                Erth           0%         2d4       100%        1
 Call Canine Familiar     Summ           0%         N/A       100%        3
 Portal Projectile        Hex/Tloc       0%         N/A       100%        3
 Tukima's Dance           Hex            0%         N/A       100%        3
 Leda's Liquefaction      Hex/Erth       0%         N/A       100%        4
 Blade Hands              Tmut           0%         N/A       100%        5


Dungeon Overview and Level Annotations

Branches:
Dungeon (3/15)

Altars:
Dithmenos

Shops:
D:3 =


Innate Abilities, Weirdness & Mutations

You have a pair of small antennae on your head.
You have a small tail.


Message History

Aim: a gnoll, wielding a +0 halberd (lightly wounded, poisoned, 64% to hit)
You throw a poisoned dart. The poisoned dart hits the gnoll.
The gnoll looks even sicker.
The gnoll is lightly wounded.
Throw: 8 darts (poison)
Press: ? - help, Q - select action, (/) - cycle Shift-Dir - straight line, f/p - gnoll
Aim: a gnoll, wielding a +0 halberd (moderately wounded, very poisoned, umbra, 64% to hit)
You throw a poisoned dart.
The poisoned dart closely misses the gnoll.
Throw: 7 darts (poison)
Press: ? - help, Q - select action, (/) - cycle Shift-Dir - straight line, f/p - gnoll
Aim: a gnoll, wielding a +0 halberd (moderately wounded, very poisoned, umbra, 64% to hit)
You throw a poisoned dart. The poisoned dart hits the gnoll.
The gnoll is moderately wounded.
The gnoll hits you from afar with a +0 halberd.
Throw: 6 darts (poison)
Press: ? - help, Q - select action, (/) - cycle Shift-Dir - straight line, f/p - gnoll
Aim: a gnoll, wielding a +0 halberd (moderately wounded, very poisoned, umbra, 64% to hit)
You throw a poisoned dart. The poisoned dart hits the gnoll.
The gnoll is moderately wounded.
The gnoll hits you from afar with a +0 halberd!
The gnoll hits you but does no damage.
You hit the gnoll.
Your tail-slap misses the gnoll.
The gnoll is severely wounded.
The gnoll closely misses you.
You hit the gnoll but do no damage.
The gnoll is severely wounded.
The gnoll barely misses you.
You hit the gnoll but do no damage.
The gnoll is severely wounded.
The gnoll barely misses you.
You hit the gnoll but do no damage.
The gnoll is almost dead.
The gnoll hits you with a +0 halberd!
* * * LOW HITPOINT WARNING * * *
Unknown command.
You closely miss the gnoll. You punch the gnoll, but do no damage.
The gnoll is almost dead.
The gnoll hits you with a +0 halberd!
You die...

#.##..........##
#.##.#.#.#.....#
#.##.#.#.##.##.#
#.##.#.......#(#
#######.##.#######..(.
#..........# .#.##
####.###.#### ..#.#
#######.# #....####..##.#
#.......###..#.@g.((# .#
#.#..............>.......
#.#.##.####.....#..####.#
#.#.##.# #.###.#..##
#.#.##.####.###.#....
#.#.##....♣.....#..###
#.#.###..♣.♣.......#
#.#.##..♣...♣.##...####
#...#
♣..∩..♣##...##.####.#


You could see a gnoll (poisoned).

Vanquished Creatures
  A gnoll (D:2)
  An adder (D:3)
  A worm (D:2)
  A dart slug (D:2)
  An orc (D:3)
  3 endoplasms
  A giant cockroach (D:1)
  A goblin (D:2)
  A hobgoblin (D:2)
  4 jackals (D:1)
  2 kobolds
  3 quokkas
  2 ball pythons
  4 bats
  5 rats
31 creatures vanquished.

Vanquished Creatures (others)
  3 plants (D:3)
  4 toadstools (D:1)
7 creatures vanquished.

Grand Total: 38 creatures vanquished

Notes
Turn   | Place    | Note
-------+----------+-------------------------------------------
     0 | D:1      | ryw the Demonspawn Monk began the quest for the Orb.
     0 | D:1      | Reached XP level 1. HP: 18/18 MP: 1/1
   319 | D:1      | Found a faded altar of an unknown god.
   327 | D:1      | Got Plato's Secrets of the Lithosphere
   328 | D:1      | Prayed at the altar of an unknown god.
   328 | D:1      | Became a worshipper of Dithmenos the Shadowed
   328 | D:1      | Reached * piety under Dithmenos
   328 | D:1      | Reached ** piety under Dithmenos
   415 | D:1      | Discovered your monstrous ancestry.
   415 | D:1      | Gained mutation: You have a small tail. [demonic ancestry]
   415 | D:1      | Reached XP level 2. HP: 24/24 MP: 2/2
   820 | D:2      | Reached *** piety under Dithmenos
  1093 | D:2      | Gained mutation: You have a pair of small antennae on your
                  | head. [demonic ancestry]
  1093 | D:2      | Reached XP level 3. HP: 30/30 MP: 3/3
  1522 | D:3      | Reached skill level 4 in Fighting
  1817 | D:3      | Found Comuaps's Jewellery Boutique.
  1915 | D:3      | Slain by a gnoll

Illustrated notes

Levels and vault maps discovered:
D:1:      ldierk_walled_garden_2, layout_rooms,
          shapermc_ecumenical_altar_rom_forum
D:2:      layout_basic
D:3:      layout_basic, serial_shops, nicolae_diamond_shop,
          serial_bayou_lagoon_b

Skill      XL: |  1  2  3 |
---------------+----------+-----
Stealth        | 2 |  2.1
Fighting       | 4 |  4.0
Dodging        | |  2.9
Unarmed Combat | |  2.9
Spellcasting   | |  0.5

Action                   || total
-------------------------++-------
Melee: Unarmed           ||   123
       Punch             ||     7
       Tailslap          ||    12
Throw: Dart              ||     7
Armor: Chain mail        ||    56
       Robe              ||     3
Dodge: Dodged            ||    59

Table legend: (Time is in decaauts)
 A = Elapsed time spent in this place.
 B = Non-inter-level travel time spent in this place.
 C = Inter-level travel time spent in this place.
 D = Time resting spent in this place.
 E = Time spent auto-exploring this place.
 F = Levels seen in this place.
 G = Mean time per level.
                   A        B        C        D        E       F      G
               +--------+--------+--------+--------+--------+-----+--------+
         Total |   1911 |   1793 |    118 |    104 |   1344 |   3 |  637.0 |
       Dungeon |   1911 |   1793 |    118 |    104 |   1344 |   3 |  637.0 |
               +--------+--------+--------+--------+--------+-----+--------+

Top non-repeatable levels by time:
     D:2: 1130 daAuts
     D:1: 520 daAuts
     D:3: 260 daAuts
